 Dungeon Crawl Stone Soup version 0.27.1-37-g7b29ead8ac (webtiles) character file.

Game seed: 2789496035207647618

765576 TittyCrusher the Ruinous (level 27, 204/204 HPs)
             Began as an Octopode Fire Elementalist on June 25, 2023.
             Was the Champion of Vehumet.
             Quit the game on level 25 of a ziggurat.
             The game lasted 04:05:11 (70800 turns).

TittyCrusher the Ruinous (OpFE)                    Turns: 70800, Time: 04:05:12

Health: 204/204    AC:  8    Str: 24    XL:     27
Magic:  51/55      EV: 29    Int: 47    God:    Vehumet [******]
Gold:   1142       SH:  6    Dex: 31    Spells: 4/62 levels left

rFire    + + +     SeeInvis +   b - staff of earth
rCold    + + .     Faith    .   w - -1 buckler of Pessimism {Int+4 Slay+3 SInv}
rNeg     + . .     Spirit   .   R - +3 hat of Pondering {ponderous, Will+ MP+10 Int+5}
rPois    +         Reflect  .   v - amulet "Maca" {rF+ Regen+ SInv}
rElec    .         Harm     .   V - ring of the Salmon {rCorr Int+6}
rCorr    +         Rampage  .   Z - ring "Halauv" {rF+ AC+4 Str+2}
Will     +++++                  D - ring of the Mage {Wiz Will++ Int+3}
Stlth    ++++......             X - +6 ring of intelligence
HPRegen  1.44/turn              S - ring "Orir" {rN+ Will+ Str+4 Dex+5}
MPRegen  0.34/turn              N - ring of fire
                                k - ring of the Raven {Contam Str+5 Int+4 Dex+6}
                                h - ring "Jeixusuf" {rPois rC+++ Str-4 Dex+6}

@: studying 2 skills, slow
A: almost no armour, amphibious, 8 rings, camouflage 1, gelatinous body 1,
(nimble swimmer 1), tentacles
}: 4/15 runes: barnacled, slimy, silver, gossamer
a: Renounce Religion


You were on level 25 of a ziggurat.
You worshipped Vehumet.
Vehumet was exalted by your worship.
You visited 10 branches of the dungeon, and saw 48 of its levels.
You visited the Abyss 1 time.
You visited 1 ziggurat, and saw 25 of its levels.
You also visited: Ossuary.

You collected 8391 gold pieces.
You spent 7249 gold pieces at shops.

Inventory:

Hand Weapons
 E - the +8 mithril axe "Arga" {speed, Will+}
   (You found it on level 5 of the Vaults)

   Attacks with this weapon are significantly faster.
   Will:      It increases your willpower.
Missiles
 A - 2 throwing nets (quivered)
Armour
 w - the -1 buckler of Pessimism (worn) {Int+4 Slay+3 SInv}
   (You acquired it on level 12 of the Dungeon)

   Int:       It affects your intelligence (+4).
   Slay:      It affects your accuracy & damage with ranged weapons and melee
   (+3).
   SInv:      It lets you see invisible.
 R - the +3 hat of Pondering (worn) {ponderous, Will+ MP+10 Int+5}
   (You found it on level 3 of the Elven Halls)

   Int:       It affects your intelligence (+5).
   MP:        It affects your magic capacity (+10).
   Will:      It increases your willpower.
 Y - the -2 hat of the Alchemist {rElec rPois rF+ rC+ rN+ Will+ rMut rCorr}
   (You found it on level 3 of the Elven Halls)

   rF:        It protects you from fire.
   rC:        It protects you from cold.
   rElec:     It insulates you from electricity.
   rPois:     It protects you from poison.
   rN:        It protects you from negative energy.
   rCorr:     It protects you from acid and corrosion.
   rMut:      It protects you from mutation.
   Will:      It increases your willpower.
Magical Staves
 a - a staff of fire
 b - a staff of earth (weapon)
Jewellery
 h - the ring "Jeixusuf" (on tentacle) {rPois rC+++ Str-4 Dex+6}
   (You found it on level 3 of the Elven Halls)

   [ring of dexterity]

   Str:       It affects your strength (-4).
   Dex:       It affects your dexterity (+6).
   rC:        It renders you almost immune to cold.
   rPois:     It protects you from poison.
 k - the ring of the Raven (on tentacle) {Contam Str+5 Int+4 Dex+6}
   (You found it on level 19 of a ziggurat)

   [ring of dexterity]

   Str:       It affects your strength (+5).
   Int:       It affects your intelligence (+4).
   Dex:       It affects your dexterity (+6).
   Contam:    It causes magical contamination when unequipped.
 m - the ring of Jearat {MP+9 Str+3}
   (You found it on level 15 of a ziggurat)

   [ring of magical power]

   Str:       It affects your strength (+3).
   MP:        It affects your magic capacity (+9).
 t - a ring of fire
 v - the amulet "Maca" (around mantle) {rF+ Regen+ SInv}
   (You found it on level 13 of a ziggurat)

   [amulet of regeneration]

   rF:        It protects you from fire.
   SInv:      It lets you see invisible.
   Regen:     It increases your rate of health regeneration.
 x - the ring "Xowoorr" {rF+ rC+}
   (You found it on level 8 of a ziggurat)

   [ring of protection from cold]

   rF:        It protects you from fire.
   rC:        It protects you from cold.
 D - the ring of the Mage (on tentacle) {Wiz Will++ Int+3}
   (You bought it in a shop on level 1 of the Depths)

   [ring of wizardry]

   It improves your spell success rate.
   Int:       It affects your intelligence (+3).
   Will:      It greatly increases your willpower.
 L - the ring "Maeshra" {rC+++ rN+++ MP-9 Str+6 Int-3}
   (You found it on level 18 of a ziggurat)

   [ring of strength]

   Str:       It affects your strength (+6).
   Int:       It affects your intelligence (-3).
   rC:        It renders you almost immune to cold.
   rN:        It renders you almost immune to negative energy.
   MP:        It affects your magic capacity (-9).
 M - a +6 ring of strength
 N - a ring of fire (on tentacle)
 S - the ring "Orir" (on tentacle) {rN+ Will+ Str+4 Dex+5}
   (You bought it in a shop on level 1 of the Orcish Mines)

   [ring of willpower]

   Str:       It affects your strength (+4).
   Dex:       It affects your dexterity (+5).
   rN:        It protects you from negative energy.
   Will:      It increases your willpower.
 V - the ring of the Salmon (left tentacle) {rCorr Int+6}
   (You found it on level 14 of a ziggurat)

   [ring of intelligence]

   Int:       It affects your intelligence (+6).
   rCorr:     It protects you from acid and corrosion.
 X - a +6 ring of intelligence (on tentacle)
 Z - the ring "Halauv" (right tentacle) {rF+ AC+4 Str+2}
   (You found it on level 5 of the Vaults)

   [ring of protection]

   AC:        It affects your AC (+4).
   Str:       It affects your strength (+2).
   rF:        It protects you from fire.
Wands
 i - a wand of digging (30)
 z - a wand of flame (304)
 U - a wand of acid (24)
 W - a wand of iceblast (71)
Scrolls
 c - 3 scrolls of summoning
 d - 3 scrolls of immolation
 f - 5 scrolls of silence
 l - 15 scrolls of fog
 q - 5 scrolls of magic mapping
 s - 10 scrolls of amnesia
 u - 28 scrolls of teleportation
 y - 14 scrolls of blinking
 F - 8 scrolls of fear
 G - 6 scrolls of holy word
 P - 2 scrolls of acquirement
 T - 5 scrolls of enchant armour
Potions
 e - 9 potions of heal wounds
 g - 31 potions of curing
 j - 12 potions of cancellation
 n - 14 potions of ambrosia
 o - 7 potions of might
 p - 16 potions of brilliance
 r - 7 potions of magic
 B - 10 potions of haste
 C - 22 potions of mutation
 H - a potion of resistance
 I - 8 potions of flight
 J - 2 potions of invisibility
 Q - 6 potions of lignification
Miscellaneous
 K - a lightning rod (4/4)
 O - a condenser vane


   Skills:
 + Level 20.9 Fighting
 - Level 14.2 Dodging
 - Level 2.6 Stealth
 - Level 5.0 Shields
 - Level 18.0 Spellcasting
 - Level 23.3 Conjurations
 - Level 14.4 Necromancy
 - Level 17.1 Translocations
 - Level 13.9 Transmutations
 - Level 23.2 Fire Magic
 - Level 9.8 Ice Magic
 - Level 21.6 Earth Magic


You had 4 spell levels left.
You knew the following spells:

 Your Spells              Type           Power      Damage    Failure   Level
a - Disjunction           Tloc           58%        N/A       1%          8
b - Sublimation of Blood  Necr           54%        N/A       0%          2
c - Statue Form           Tmut/Erth      95%        N/A       1%          6
d - Polar Vortex          Ice            47%        N/A       58%         9
e - Irradiate             Conj/Tmut      60%        3d34      0%          5
f - Shatter               Erth           76%        3d56*     1%          9
g - Necromutation         Tmut/Necr      54%        N/A       4%          8
i - Blink                 Tloc           N/A        N/A       0%          2
j - Fire Storm            Conj/Fire      78%        8d20      1%          9

Your spell library contained the following spells:

 Spells                   Type           Power      Damage    Failure   Level
 Lehudib's Crystal Spear  Conj/Erth      77%        10d17     1%          8
 Maxwell's Capacitive Co  Air            21%        ∞         91%         8
 Animate Skeleton         Necr           100%       N/A       0%          1
 Beastly Appendage        Tmut           100%       N/A       0%          1
 Foxfire                  Conj/Fire      100%       2x1d9     0%          1
 Freeze                   Ice            100%       1d11      0%          1
 Magic Dart               Conj           100%       1d8       0%          1
 Pain                     Necr           100%       1d9       0%          1
 Sandblast                Erth           100%       2d20      0%          1
 Shock                    Conj/Air       100%       1d9       0%          1
 Passwall                 Tmut/Erth      100%       N/A       0%          2
 Searing Ray              Conj           100%       3d7       0%          2
 Static Discharge         Conj/Air       100%       N/A       0%          2
 Wereblood                Tmut           100%       N/A       0%          2
 Conjure Flame            Conj/Fire      100%       6-21      0%          3
 Dazzling Flash           Conj/Hex       100%       N/A       0%          3
 Gell's Gravitas          Tloc           58%        N/A       0%          3
 Ignite Poison            Fire/Tmut/Pois 100%       N/A       0%          3
 Inner Flame              Hex/Fire       100%       N/A       0%          3
 Lesser Beckoning         Tloc           58%        N/A       0%          3
 Stone Arrow              Conj/Erth      100%       3d13      0%          3
 Teleport Other           Tloc           100%       N/A       0%          3
 Vampiric Draining        Necr           54%        2d13      0%          3
 Dispel Undead            Necr           100%       3d31      0%          4
 Hailstorm                Conj/Ice       100%       3d20      0%          4
 Iskenderun's Mystic Bla  Conj/Tloc      100%       2d19      0%          4
 Passage of Golubria      Tloc           N/A        N/A       0%          4
 Petrify                  Tmut/Erth      100%       N/A       0%          4
 Sticky Flame             Conj/Fire      100%       2d11      0%          4
 Sting                    Tmut/Pois      100%       1d8       1%          1
 Corpse Rot               Necr/Air       N/A        N/A       1%          2
 Ensorcelled Hibernation  Hex/Ice        100%       N/A       1%          2
 Poisonous Vapours        Pois/Air       84%        N/A       1%          2
 Slow                     Hex            42%        N/A       1%          2
 Call Canine Familiar     Summ           42%        N/A       1%          3
 Confusing Touch          Hex            42%        N/A       1%          3
 Frozen Ramparts          Ice            100%       1d12      1%          3
 Mephitic Cloud           Conj/Pois/Air  86%        N/A       1%          3
 Ozocubu's Armour         Ice            94%        N/A       1%          3
 Portal Projectile        Hex/Tloc       100%       N/A       1%          3
 Spider Form              Tmut/Pois      41%        N/A       1%          3
 Summon Guardian Golem    Hex/Summ       42%        N/A       1%          3
 Swiftness                Air            42%        N/A       1%          3
 Tukima's Dance           Hex            42%        N/A       1%          3
 Airstrike                Air            21%        N/A       1%          4
 Cause Fear               Hex            21%        N/A       1%          4
 Fulminant Prism          Conj/Hex       50%        3d23      1%          4
 Ice Form                 Ice/Tmut       100%       N/A       1%          4
 Leda's Liquefaction      Hex/Erth       60%        N/A       1%          4
 Olgreb's Toxic Radiance  Pois           42%        N/A       1%          4
 Summon Ice Beast         Ice/Summ       73%        N/A       1%          4
 Summon Lightning Spire   Summ/Air       42%        N/A       1%          4
 Bolt of Magma            Conj/Fire/Erth 91%        4d34      0%          5
 Borgnjor's Vile Clutch   Necr/Erth      72%        N/A       0%          5
 Fireball                 Conj/Fire      78%        3d29      0%          5
 Iskenderun's Battlesphe  Conj           100%       2d15      0%          5
 Lee's Rapid Deconstruct  Erth           76%        3d35*     0%          5
 Manifold Assault         Tloc           100%       N/A       0%          5
 Iron Shot                Conj/Erth      77%        9d14      0%          6
 Starburst                Conj/Fire      78%        6d20      0%          6
 Agony                    Necr           100%       N/A       1%          5
 Blade Hands              Tmut           53%        N/A       1%          5
 Excruciating Wounds      Necr           54%        N/A       1%          5
 Freezing Cloud           Conj/Ice/Air   49%        6-21      1%          5
 Lightning Bolt           Conj/Air       50%        1d71      1%          5
 Metabolic Englaciation   Hex/Ice        36%        N/A       1%          5
 Summon Forest            Summ/Tloc      44%        N/A       1%          5
 Conjure Ball Lightning   Conj/Air       50%        3x3d17    1%          6
 Death Channel            Necr           54%        N/A       1%          6
 Dispersal                Tloc           58%        N/A       1%          6
 Eringya's Noxious Bog    Tmut/Pois      41%        N/A       1%          6
 Simulacrum               Ice/Necr       51%        N/A       1%          6
 Dragon Form              Tmut           53%        N/A       1%          7
 Orb of Destruction       Conj           66%        9d18      1%          7
 Spellforged Servitor     Conj/Summ      50%        N/A       1%          7
 Ignition                 Fire           78%        3d20      1%          8
 Borgnjor's Revivificati  Necr           54%        N/A       3%          8
 Infestation              Necr           54%        N/A       3%          8
 Silence                  Hex/Air        21%        N/A       5%          5
 Summon Mana Viper        Hex/Summ       42%        N/A       5%          5
 Haunt                    Necr/Summ      42%        N/A       9%          7
 Storm Form               Tmut/Air       41%        N/A       10%         7
 Shadow Creatures         Summ           N/A        N/A       28%         6
 Chain Lightning          Conj/Air       50%        3d66      36%         9
 Death's Door             Necr           54%        N/A       45%         9
 Monstrous Menagerie      Summ           21%        N/A       82%         7
 Summon Hydra             Summ           21%        N/A       82%         7
 Discord                  Hex            21%        N/A       100%        8
 Dragon's Call            Summ           21%        N/A       100%        9
 Animate Armour           Summ/Erth      Unusable   N/A       N/A         4

Dungeon Overview and Level Annotations

Branches:
Dungeon (15/15)            Temple (0/1) D:4            Lair (6/6) D:9
 Shoals (4/4) Lair:4       Spider (4/4) Lair:4        Slime (5/5) Lair:5
    Orc (2/2) D:11            Elf (3/3) Orc:2        Vaults (5/5) D:13
  Crypt (3/3) Vaults:3       Tomb (0/3) Crypt:3      Depths (1/5) D:15
Ossuary (visited)

Altars:
Ashenzari
Dithmenos
Elyvilon
Fedhas
Hepliaklqana
Kikubaaqudgha
Makhleb
Nemelex Xobeh
Sif Muna
Vehumet
Wu Jian
Xom
Yredelemnul
The Shining One
Beogh

Shops:
D:5 *   D:11 :   D:14 (   Orc:1 =   Orc:2 =*:(   Elf:1 ?!   Elf:2 (   Elf:3 ([
Shoals:2 [!(   Vaults:2 **   Depths:1 [=(=(

Portals:
Hell: Depths:1
Pandemonium: Depths:1

Annotations:
Slime:4 exclusion: downstairs
Elf:2 3 runed translucent doors


Innate Abilities, Weirdness & Mutations

You cannot wear most types of armour.
You are amphibious.
You can wear up to eight rings at the same time.
Your skin changes colour to match your surroundings (Stealth+).
Your rubbery body absorbs attacks. (AC +1, EV +1)
((You are camouflaged near water. (Stealth+)))
You have tentacles for arms and can constrict up to eight enemies at once.


Message History

You feel your power returning.
Unknown command.
Unknown command.
Found six items.
Found five items.
Found seven items.
Found two gates leading back out of this place.
Found a stone staircase leading down.
Found seven items.
Found a tin of tremorstones (2/2).
Your pack is full.
You see here a scroll of identify.
j - 12 potions of cancellation (gained 5)
You see here a piece from Xom's chessboard (15/15).
You see here a book of Stone.
You pick up a manual of Shields and begin studying.
Your pack is full.
You see here the ring "Tukhegh" {rPois rF- Int+6 SInv}.
You see here a staff of death.
You see here a staff of cold.
You see here a lightning rod (4/4).
You see here a +2 glaive of freezing.
s - 10 scrolls of amnesia (gained 2)
There is a gate leading back out of this place here.
You see here a book of the Dryads.
There is a stone staircase leading down here.
You see here a condenser vane.
There is a gate leading back out of this place here.
You see here a box of beasts.
Your pack is full.
You see here a potion of experience.
A flood of memories washes over you.
You pick up the Grimoire of Freezing Evil Arts and begin reading...
You add the spell Summon Ice Beast to your library.
q - 5 scrolls of magic mapping (gained 1)
You see here a +5 hand crossbow.
Your pack is full.
You see here a +6 ring of strength.
You see here a +2 hand axe of flaming.
Are you sure you want to abandon this character and quit the game? (Confirm with "yes".)

.....#..........▓▓
.................▓
†................▓
†.............|)"▓
.............:=..▓
.............}|∩.▓▓
..............|>)}▓
.............?}∩=▓▓
†............)).@▓
...............))▓
.................▓
.................▓
.....#..........▓▓
.....†..........▓
.....#.........▓▓
...............▓


There were no monsters in sight!

Vanquished Creatures
  Dissolution (Slime:2)
  the Royal Jelly (Slime:5)
  5 dread liches
  6 ancient liches
  7 royal mummies (Zig:19)
  3 Killer Klowns (Zig:16)
  Bai Suzhen (Spider:3)
  4 caustic shrikes (Zig:20)
  2 golden dragons (Vaults:5)
  Nikola (Shoals:4)
  A Tzitzimitl (Zig:24)
  2 bone dragons
  A Brimstone Fiend (Zig:24)
  2 iron giants (Zig:20)
  16 tentacled monstrosities
  3 Ice Fiends (Zig:24)
  5 Hell Sentinels
  8 liches
  6 titans
  Asterion (Vaults:1)
  6 deep elf blademasters
  16 acid blobs
  11 ancient champions
  8 deep elf master archers
  3 Executioners (Zig:24)
  3 krakens (Shoals:1)
  7 pandemonium lords (Zig:16)
  15 sphinxes
  4 tengu reavers
  3 draconian monks (Zig:13)
  Kirke (D:12)
  2 storm dragons (Vaults:5)
  23 rockslimes
  Roxanne (Elf:1)
  24 nagarajas
  10 revenants
  Ilsuiw (Shoals:2)
  3 shadow dragons (Vaults:5)
  8 azure jellies
  Donald (Spider:3)
  A frost giant (shapeshifter) (Zig:16)
  5 fire giants
  A warmonger (Zig:24)
  25 ghost moths
  Aizul (Elf:2)
  21 vault wardens
  A draconian scorcher (Zig:13)
  2 frost giants
  6 orc warlords
  16 emperor scorpions
  8 deep elf sorcerers
  An angel (Depths:1)
  4 curse skulls
  5 iron dragons (Zig:20)
  A balrug (Depths:1)
  A stone giant (shapeshifter) (Zig:16)
  5 deep elf elementalists (Elf:3)
  6 cacodemons
  24 ironbound preservers
  2 draconian shifters (Zig:13)
  2 draconian stormcallers (Zig:13)
  2 juggernaut skeletons (Zig:19)
  7 quicksilver oozes
  2 draconian annihilators
  6 reapers
  A quicksilver ooze (shapeshifter) (Zig:16)
  6 ghouls
  13 war gargoyles
  8 stone giants
  7 vampire knights
  7 very ugly things
  2 corrupters (Zig:24)
  Nessos (Orc:2)
  4 bennus (Zig:19)
  5 blood saints (Zig:24)
  16 deep elf demonologists
  5 black suns (Zig:24)
  A dire elephant (shapeshifter) (Vaults:5)
  3 green draconians (Zig:13)
  19 deep elf annihilators
  2 black draconians (Zig:13)
  2 purple draconians (Zig:13)
  Azrael (Spider:3)
  2 yellow draconians (Zig:13)
  2 lorocyprocas (Zig:24)
  25 entropy weavers
  5 spark wasps
  3 dire elephants
  15 merfolk javelineers
  11 deep elf death magi
  Josephine (Orc:1)
  An eleionoma (Zig:25)
  5 blizzard demons (Zig:24)
  18 merfolk impalers
  5 mummy priests (Zig:19)
  3 crystal guardians
  4 green deaths
  7 ettins
  11 eidola
  An ettin (shapeshifter) (Vaults:5)
  12 deep elf high priests
  14 jiangshi
  The ghost of lazarouslive the Fighter, a journeyman MiBe of Trog (D:12)
  12 yaktaur captains
  A quicksilver dragon skeleton (Crypt:3)
  3 ice dragons
  A monstrous demonspawn (Depths:1)
  9 ironbound thunderhulks
  The ghost of Bajosicy the Quickloader, a journeyman HuHu of Ashenzari (Lair:2)
  17 boulder beetles
  19 hydras
  2 hydras (shapeshifter)
  3 naga warriors
  An anaconda (Zig:25)
  42 vault guards
  A catoblepas (Lair:6)
  5 great orbs of eyes
  4 salamander tyrants
  6 merfolk avatars
  A hell beast (Zig:24)
  A peacekeeper (Vaults:2)
  6 ogre magi
  11 ironbound frosthearts
  A satyr (Shoals:2)
  A ghost crab (Zig:21)
  4 death knights
  10 centaur warriors
  An alligator (shapeshifter) (Crypt:1)
  11 merfolk aquamancers
  22 two-headed ogres
  2 alligators (Zig:25)
  2 spriggan air magi
  21 dancing weapons
  6 alligator snapping turtles
  3 deep troll shamans
  2 tengu warriors
  14 vampire magi
  5 death yaks
  3 deep troll earth magi
  2 shock serpents (shapeshifter)
  4 naga sharpshooters
  5 ironbound beastmasters
  12 deep elf knights
  2 shock serpents (Zig:12)
  A titan skeleton (Crypt:3)
  4 soul eaters
  A sun demon (Depths:1)
  An iron golem (Zig:20)
  A storm dragon zombie (Crypt:2)
  2 salamander mystics
  37 skeletal warriors
  A golden dragon zombie (Crypt:2)
  6 shadow wraiths
  A storm dragon skeleton (Crypt:3)
  An infernal demonspawn (Zig:24)
  A goliath frog (Crypt:1)
  A deep troll (shapeshifter) (Zig:5)
  21 sea snakes
  2 sea snakes (shapeshifter)
  2 iron trolls (Depths:1)
  10 flayed ghosts
  2 swamp dragons (shapeshifter)
  4 bog bodies
  4 glowing orange brains
  12 phantasmal warriors
  3 shadow demons (Zig:24)
  A spriggan druid (Zig:25)
  2 anaconda zombies
  2 tengu zombies (Zig:8)
  3 orange crystal statues
  2 naga ritualists
  18 deep elf archers
  72 deep trolls
  11 wizards
  6 swamp dragons
  3 golden dragon skeletons
  34 harpies
  11 lindwurms
  24 ironbound convokers
  2 anaconda skeletons (Crypt:3)
  31 deep elf zephyrmancers
  4 necromancers
  27 wolf spiders
  35 deep elf pyromancers
  8 orc knights
  39 ugly things
  5 mana vipers
  8 moths of wrath
  5 fauns
  18 oklob plants
  A salamander (shapeshifter) (Elf:3)
  33 orb spiders
  A shadow dragon skeleton (Zig:19)
  7 cyclopes
  A will-o-the-wisp (Zig:21)
  2 stone giant zombies
  18 manticores
  2 salamanders
  6 shining eyes
  A frost giant zombie (Zig:8)
  5 elephants (Lair:6)
  8 merfolk sirens
  2 frost giant skeletons (Crypt:3)
  4 rust devils
  23 vault sentinels
  4 fire giant skeletons (Crypt:3)
  13 black mambas
  2 smoke demons (Zig:24)
  An eye of devastation (shapeshifter) (Zig:5)
  9 naga magi
  12 guardian serpents
  11 torpor snails
  7 ice statues
  15 water nymphs
  12 cane toads
  An eye of devastation (Slime:3)
  Maggie (D:9)
  7 gargoyles
  2 orange demons
  18 yaktaurs
  Psyche (D:10)
  4 unseen horrors
  An unseen horror (shapeshifter) (Zig:16)
  10 freezing wraiths
  A hellion (Zig:8)
  3 rime drakes
  2 efreet
  22 demonic crawlers
  4 komodo dragons
  3 kobold demonologists
  3 tengu conjurers
  2 elf skeletons (Zig:19)
  A hellwing (Zig:24)
  A death yak skeleton (Crypt:1)
  3 tormentors (Zig:8)
  6 meliai
  A polar bear (shapeshifter) (D:11)
  13 guardian mummies
  A purple draconian skeleton (Crypt:1)
  A green draconian skeleton (Crypt:2)
  6 trolls
  40 jumping spiders
  58 merfolk
  14 wind drakes
  A red devil (Zig:24)
  A guardian serpent zombie (Crypt:2)
  2 harpy skeletons (Crypt:3)
  6 polar bears
  An ettin zombie (Zig:8)
  3 tyrant leeches
  8 hornets
  A jumping spider zombie (Crypt:1)
  A blink frog (shapeshifter) (Zig:23)
  A wind drake (shapeshifter) (D:13)
  111 slime creatures
  2 dream sheep (Shoals:1)
  16 snapping turtles
  A deep troll zombie (Depths:1)
  A spriggan zombie (Zig:4)
  A dream sheep (shapeshifter) (Elf:2)
  19 flying skulls
  3 vampires
  11 air elementals
  A tarantella (shapeshifter) (Elf:3)
  A centaur simulacrum (D:14)
  2 ettin skeletons
  96 redbacks
  4 shadows
  3 ushabtiu
  3 ynoxinuls (Zig:24)
  10 wyverns
  7 basilisks
  12 fire dragon skeletons (Crypt:3)
  5 large abominations
  19 wraiths
  A black mamba skeleton (Crypt:3)
  36 tarantellas
  2 chaos spawn
  9 fire elementals
  5 golden eyes
  33 water elementals
  2 steam dragons (D:8)
  Grum (D:9)
  65 yaks
  2 hogs (D:12)
  A steam dragon (shapeshifter) (Vaults:5)
  10 vampire mosquitoes
  An elf simulacrum (Depths:1)
  7 wargs
  A yaktaur simulacrum (Vaults:3)
  An infernal demonspawn zombie (Crypt:1)
  A warg (shapeshifter) (Vaults:5)
  9 nagas
  7 water moccasins
  A floating eye (Crypt:1)
  10 acid dragons
  A hell hound (Spider:3)
  A cane toad skeleton (Crypt:1)
  4 black bears
  47 orc warriors
  A sky beast (D:6)
  A small abomination (Crypt:1)
  4 boggarts (D:15)
  38 ogres
  11 necrophages
  19 wolves
  16 centaurs
  4 phantoms
  A snapping turtle skeleton (Crypt:3)
  3 elf zombies
  4 kobold brigands
  11 bullfrogs
  A wyvern zombie (D:7)
  4 earth elementals
  A glowing shapeshifter simulacrum (Zig:19)
  2 gnoll sergeants
  2 scorpions
  2 water moccasin skeletons
  A troll zombie (Crypt:3)
  A killer bee (D:11)
  A killer bee (shapeshifter) (D:15)
  9 wights
  4 howler monkeys
  12 electric eels
  2 crimson imps (Zig:22)
  9 centaur zombies
  A hound (D:6)
  A black bear zombie (Crypt:1)
  A bullfrog skeleton (D:5)
  2 gnoll shamans
  20 orc priests
  2 centaur skeletons
  An iron imp (Zig:8)
  Terence (D:3)
  Jessica (D:3)
  3 iguanas
  17 orc wizards
  A scorpion zombie (Crypt:2)
  12 hell rats
  A deep dwarf skeleton (Crypt:2)
  28 mummies
  19 gnolls
  A howler monkey skeleton (D:7)
  5 adders
  A steam dragon zombie (Crypt:1)
  A shadow imp (D:6)
  A white imp (D:7)
  An adder zombie (Ossuary)
  3 adder skeletons
  2 worms
  A barachi zombie (Crypt:2)
  2 dart slugs
  74 orcs
  7 endoplasms
  2 giant cockroaches
  6 goblins
  3 hobgoblins
  2 quokkas (D:3)
  5 ball pythons
  4 bats
  5 frilled lizards
  A goblin zombie (Ossuary)
  12 hobgoblin zombies (Ossuary)
  2 jackal zombies (Ossuary)
  28 kobolds
  7 kobold zombies (Ossuary)
  8 orc zombies (Ossuary)
  7 rats
  A rat zombie (Ossuary)
  16 butterflies (Vaults:3)
  A fire vortex (Spider:3)
  4 plants
  4 tentacles (Shoals:1)
2931 creatures vanquished.

Vanquished Creatures (collateral kills)
  A dread lich (Zig:17)
  A pandemonium lord (Zig:24)
  A lich (Zig:10)
  4 acid blobs
  A storm dragon (Vaults:5)
  A vault warden (Vaults:1)
  An emperor scorpion (Zig:18)
  2 ironbound preservers
  2 ghouls
  A stone giant (Zig:7)
  A white draconian (Zig:13)
  A naga warrior (Zig:11)
  An anaconda (Zig:12)
  A skeletal warrior (Crypt:3)
  2 deep trolls (Vaults:1)
  A wizard (Vaults:1)
  A tengu zombie (Zig:19)
  2 orb spiders
  A fire giant zombie (Crypt:3)
  5 slime creatures
  An eleionoma skeleton (Crypt:1)
  A dire elephant zombie (Crypt:1)
  A human skeleton (Vaults:3)
  A black mamba (Zig:9)
  A demonic crawler (Zig:22)
  A redback (Zig:18)
  A yak (Lair:4)
  2 golden eyes (Slime:3)
  A floating eye (shapeshifter) (Vaults:5)
  A raiju zombie (Crypt:2)
  A mummy (Crypt:3)
  3 orcs (Vaults:5)
  2 foxfires (Lair:3)
48 creatures vanquished.

Vanquished Creatures (others)
  A Killer Klown (Zig:16)
  A Tzitzimitl (Zig:24)
  An eldritch tentacle (Zig:24)
  An ugly thing (Zig:16)
  An apocalypse crab (Zig:16)
  A slime creature (D:14)
  A redback (shapeshifter) (Zig:16)
  A water elemental (D:14)
  2 humans (D:12)
  688 fire vortices
  475 foxfires
  31 fungi
  167 plants
  12 tentacles (Shoals:1)
  35 withered plants (Crypt:3)
1418 creatures vanquished.

Grand Total: 4397 creatures vanquished

Notes
Turn   | Place    | Note
-------+----------+-------------------------------------------
     0 | D:1      | TittyCrusher the Octopode Fire Elementalist began the quest
                  | for the Orb.
     0 | D:1      | Reached XP level 1. HP: 11/11 MP: 3/3
   561 | D:1      | Found a faded altar of an unknown god.
   568 | D:1      | Reached XP level 2. HP: 13/17 MP: 2/5
  1157 | D:1      | Reached XP level 3. HP: 21/21 MP: 4/7
  1616 | D:1      | Learned a level 3 spell: Conjure Flame
  1742 | D:2      | Reached XP level 4. HP: 27/27 MP: 2/8
  2105 | D:2      | Learned a level 4 spell: Sticky Flame
  2499 | D:3      | Found a radiant altar of Vehumet.
  2565 | D:3      | Found a basalt altar of Yredelemnul.
  2745 | D:3      | Reached XP level 5. HP: 31/31 MP: 7/9
  2864 | D:3      | Noticed Terence
  2883 | D:3      | Killed Terence
  2896 | D:3      | Noticed Jessica
  2902 | D:3      | Killed Jessica
  3113 | D:3      | Found a sparkling altar of Nemelex Xobeh.
  3125 | D:3      | Became a worshipper of Vehumet
  3466 | D:4      | Found a staircase to the Ecumenical Temple.
  3591 | D:4      | Reached XP level 6. HP: 36/36 MP: 6/10
  3861 | D:5      | Entered Level 5 of the Dungeon
  4072 | D:5      | Found Nixkocen's Lightly-Used Armoury.
  4128 | D:5      | Reached XP level 7. HP: 41/41 MP: 6/12
  4205 | D:5      | Reached skill level 5 in Conjurations
  4224 | D:5      | Found a sand-covered staircase.
  4228 | Ossuary  | Entered an ossuary
  4334 | Ossuary  | Reached * piety under Vehumet
  4334 | Ossuary  | Offered knowledge of Shock by Vehumet.
  4380 | Ossuary  | Reached skill level 5 in Fire Magic
  4629 | D:5      | Reached XP level 8. HP: 46/46 MP: 7/13
  4682 | D:5      | Learned a level 5 spell: Fireball
  4735 | D:5      | Reached ** piety under Vehumet
  4735 | D:5      | Offered knowledge of Searing Ray by Vehumet.
  5862 | D:6      | Found a burning altar of Makhleb.
  5984 | D:6      | Reached XP level 9. HP: 50/51 MP: 9/14
  6142 | D:6      | Identified the ring "Keeqonn" {rCorr Stlth+}
  6304 | D:6      | Found an ornate altar of the Wu Jian Council.
  7125 | D:7      | Offered knowledge of Poisonous Vapours by Vehumet.
  8005 | D:8      | Noticed a lindwurm
  8011 | D:8      | Noticed a lindwurm
  8011 | D:8      | Noticed a lindwurm
  8017 | D:8      | Noticed a lindwurm
  8086 | D:8      | Killed a lindwurm
  8503 | D:8      | Reached *** piety under Vehumet
  8605 | D:8      | Reached XP level 10. HP: 50/56 MP: 6/15
  9100 | D:8      | Reached skill level 10 in Conjurations
  9265 | D:8      | Reached skill level 10 in Fire Magic
  9477 | D:9      | Noticed Grum
  9482 | D:9      | Killed Grum
  9785 | D:9      | Offered knowledge of Mephitic Cloud by Vehumet.
 10039 | D:9      | Found a staircase to the Lair.
 10417 | D:9      | Reached skill level 5 in Spellcasting
 10510 | D:9      | Found a hazy altar of Hepliaklqana.
 10510 | D:9      | Found a glowing golden altar of the Shining One.
 10576 | D:9      | Noticed Maggie
 10584 | D:9      | Killed Maggie
 11066 | Lair:1   | Entered Level 1 of the Lair of Beasts
 11187 | Lair:1   | Noticed a cane toad
 11190 | Lair:1   | Killed a cane toad
 11238 | Lair:1   | Reached **** piety under Vehumet
 11248 | Lair:1   | Noticed a black mamba
 11249 | Lair:1   | Reached XP level 11. HP: 60/61 MP: 6/21
 11730 | Lair:1   | Offered knowledge of Stone Arrow by Vehumet.
 11814 | Lair:1   | Noticed a seven-headed hydra
 11823 | Lair:1   | Killed a seven-headed hydra
 12960 | Lair:2   | Reached skill level 10 in Spellcasting
 13055 | Lair:2   | Noticed a lindwurm
 13056 | Lair:2   | Found a transporter.
 13056 | Lair:2   | Noticed Bajosicy's ghost (journeyman HuHu)
 13077 | Lair:2   | Found a transporter.
 14257 | Lair:3   | Reached XP level 12. HP: 66/66 MP: 11/26
 14352 | Lair:3   | Noticed a six-headed hydra
 14355 | Lair:3   | Killed a six-headed hydra
 15423 | Lair:4   | Noticed a five-headed hydra
 15426 | Lair:4   | Killed a five-headed hydra
 15587 | Lair:4   | Found the +11 plutonium sword {Contam Stlth-}
 15887 | Lair:4   | Found a staircase to the Shoals.
 16192 | Lair:4   | Found a hole to the Spider Nest.
 16994 | Lair:5   | Reached ***** piety under Vehumet
 16995 | Lair:5   | Offered knowledge of Yara's Violent Unravelling by Vehumet.
 17290 | Lair:5   | Noticed a six-headed hydra
 17301 | Lair:5   | Killed a six-headed hydra
 17302 | Lair:5   | Reached XP level 13. HP: 71/71 MP: 7/27
 18037 | Lair:5   | Found a staircase to the Slime Pits.
 18757 | Lair:6   | Entered Level 6 of the Lair of Beasts
 21237 | D:8      | Reached XP level 14. HP: 76/76 MP: 15/28
 21391 | D:8      | Identified the +0 plate armour of the Foremost Runes {Will+
                  | Dex-2 SInv}
 21676 | D:10     | Entered Level 10 of the Dungeon
 21809 | D:10     | Noticed Psyche
 21812 | D:10     | Killed Psyche
 23026 | D:11     | Reached skill level 5 in Dodging
 23417 | D:11     | Found Riynedd's Self-Improvement Boutique.
 23717 | D:11     | Identified the +7 halberd of Invincibility {pain, Fragile
                  | rC- MP+9 Str+8}
 24347 | D:11     | Found a staircase to the Orcish Mines.
 24359 | D:11     | Cast into level 3 of the Abyss (a wizard)
 24379 | D:11     | Escaped the Abyss
 24381 | D:11     | Reached skill level 1 in Fighting
 24475 | D:11     | Paralysed by an ogre mage for 6 turns
 24546 | D:11     | Offered knowledge of Irradiate by Vehumet.
 24637 | D:11     | Learned a level 5 spell: Irradiate
 24643 | D:11     | Learned a level 5 spell: Iskenderun's Battlesphere
 24659 | D:10     | Learned a level 6 spell: Iron Shot
 25151 | D:11     | You fall into a shaft and drop 2 floors!
 25157 | D:13     | Found a gate to the Vaults.
 25206 | D:12     | Reached skill level 5 in Fighting
 25549 | D:11     | Reached XP level 15. HP: 96/96 MP: 13/29
 25670 | D:11     | Learned a level 4 spell: Iskenderun's Mystic Blast
 25900 | Orc:1    | Entered Level 1 of the Orcish Mines
 26198 | Orc:2    | Entered Level 2 of the Orcish Mines
 26198 | Orc:2    | Noticed Nessos
 26198 | Orc:2    | Noticed an orc warlord
 26202 | Orc:2    | Killed Nessos
 26206 | Orc:2    | Killed an orc warlord
 26389 | Orc:2    | Found a staircase to the Elven Halls.
 26570 | Orc:1    | You fall into a shaft and drop 1 floor!
 26590 | Orc:2    | Reached skill level 15 in Conjurations
 26590 | Orc:2    | Reached skill level 15 in Fire Magic
 26595 | Orc:2    | Found Naqacux's General Store.
 26595 | Orc:2    | Found Cuetiu's Weapon Emporium.
 26595 | Orc:2    | Found Xanecol's Jewellery Shoppe.
 26595 | Orc:2    | Found Luur's Book Boutique.
 26726 | Orc:2    | Offered knowledge of Ozocubu's Refrigeration by Vehumet.
 26827 | Orc:1    | Noticed Josephine
 26981 | Orc:1    | Killed Josephine
 27143 | Orc:1    | Found Siroudytz's Jewellery Emporium.
 27194 | Orc:1    | Bought a ring of fire for 325 gold pieces
 27195 | Orc:1    | Bought a ring of protection from cold for 325 gold pieces
 27196 | Orc:1    | Bought the ring "Orir" {rN+ Will+ Str+4 Dex+5} for 716 gold
                  | pieces
 27773 | D:12     | Reached skill level 1 in Earth Magic
 28002 | D:12     | Found a shimmering altar of Xom.
 28003 | D:12     | Noticed lazarouslive's ghost (journeyman MiBe)
 28006 | D:12     | Found a runed translucent door.
 28197 | D:12     | Identified the +4 broad axe "Titon" {vorpal, rF+}
 28416 | D:12     | Noticed Kirke
 28427 | D:12     | Killed Kirke
 28475 | D:12     | Identified a scroll of acquirement
 28475 | D:12     | Acquired the -1 buckler of Pessimism {Int+4 Slay+3 SInv}
 28612 | D:12     | Reached skill level 1 in Shields
 29050 | D:12     | Identified the +11 quarterstaff of the Devouring Madman
                  | {flame, rN+ Str+3 Int+4}
 29307 | D:12     | Found a shadowy altar of Dithmenos.
 29601 | D:13     | Reached XP level 16. HP: 108/108 MP: 22/30
 29756 | D:13     | Reached skill level 5 in Shields
 29876 | D:13     | Offered knowledge of Starburst by Vehumet.
 30253 | Orc:2    | Bought Cizurat's Reference Book on the Traveller for 440
                  | gold pieces
 30256 | Orc:2    | Learned a level 2 spell: Blink
 30381 | D:12     | Reached skill level 1 in Translocations
 32102 | D:14     | Found Hyeladgha's Antique Weapon Shoppe.
 32580 | D:15     | Entered Level 15 of the Dungeon
 32653 | D:15     | Reached skill level 10 in Dodging
 33185 | D:15     | Found a broken altar of Ashenzari.
 33446 | D:15     | Offered knowledge of Bolt of Magma by Vehumet.
 33788 | D:15     | Found a staircase to the Depths.
 33988 | Orc:2    | Bought a ring of magical power for 260 gold pieces
 34239 | Shoals:1 | Entered Level 1 of the Shoals
 34756 | Shoals:1 | Noticed a kraken
 34768 | Shoals:1 | Killed a kraken
 34824 | Shoals:1 | Noticed a kraken
 34832 | Shoals:1 | Killed a kraken
 34833 | Shoals:1 | Reached XP level 17. HP: 113/113 MP: 29/31
 35238 | Shoals:1 | Noticed a kraken
 35249 | Shoals:1 | Killed a kraken
 35820 | Shoals:2 | Found Xogots's Distillery.
 36002 | Shoals:2 | Found Utub's Weapon Emporium.
 36170 | Shoals:1 | Learned a level 5 spell: Bolt of Magma
 36689 | Shoals:2 | Noticed Ilsuiw
 37055 | Shoals:2 | Killed Ilsuiw
 37155 | Shoals:2 | Found Simn's Armour Boutique.
 37163 | Shoals:2 | Bought a +0 hat for 64 gold pieces
 37982 | Shoals:3 | Offered knowledge of Conjure Ball Lightning by Vehumet.
 38971 | Shoals:4 | Entered Level 4 of the Shoals
 39063 | Shoals:4 | Found a blossoming altar of Fedhas.
 39633 | Shoals:4 | Identified the +6 hand axe of Chance {vorpal, Dex+2}
 39647 | Shoals:4 | Reached XP level 18. HP: 116/119 MP: 5/33
 39903 | Shoals:4 | Learned a level 2 spell: Sublimation of Blood
 39938 | Shoals:4 | Reached skill level 1 in Necromancy
 39973 | Shoals:4 | Identified the +1 plate armour "Havodaev" {-Tele rCorr
                  | Str+9 Dex+4}
 40222 | Shoals:4 | Noticed a titan
 40226 | Shoals:4 | Killed a titan
 40227 | Shoals:4 | Reached skill level 5 in Necromancy
 40290 | Shoals:4 | Got a barnacled rune of Zot
 40469 | Shoals:4 | Offered knowledge of Ignition by Vehumet.
 40706 | Shoals:4 | Noticed Nikola
 40707 | Shoals:4 | Paralysed by an air elemental for 1 turns
 40712 | Shoals:4 | Killed Nikola
 41396 | D:12     | Killed lazarouslive's ghost
 41617 | Lair:2   | Killed Bajosicy's ghost
 41801 | Elf:1    | Entered Level 1 of the Elven Halls
 41979 | Elf:1    | Found Peixeit's Distillery.
 41979 | Elf:1    | Found Dayshrol's Magic Scroll Shop.
 42346 | Elf:1    | Got the Catalogue of Combat Magic
 42448 | Elf:1    | Noticed Roxanne
 43259 | Elf:2    | Reached XP level 19. HP: 112/124 MP: 33/35
 43373 | Elf:2    | Reached ****** piety under Vehumet
 43617 | Elf:2    | Offered knowledge of Lehudib's Crystal Spear by Vehumet.
 43617 | Elf:2    | Offered knowledge of Fire Storm by Vehumet.
 43617 | Elf:2    | Offered knowledge of Maxwell's Capacitive Coupling by
                  | Vehumet.
 43779 | Elf:2    | Noticed Aizul
 43843 | Elf:2    | Found Jicib's Antique Weapon Shoppe.
 43877 | Elf:2    | Killed Aizul
 44649 | Elf:2    | Found a runed translucent gate.
 44650 | Elf:2    | Found a runed translucent gate.
 44650 | Elf:2    | Found a runed translucent gate.
 44800 | Elf:3    | Entered Level 3 of the Elven Halls
 44860 | Elf:3    | Found Zawac's Armour Shop.
 44899 | Elf:3    | Found Gyappi's Antique Weapon Boutique.
 44931 | Elf:3    | Found the -2 hat of the Alchemist {rElec rPois rF+ rC+ rN+
                  | Will+ rMut rCorr}
 45152 | Elf:3    | Found a shimmering blue altar of Sif Muna.
 45440 | Elf:3    | Noticed a Brimstone Fiend
 45445 | Elf:3    | Noticed a Brimstone Fiend
 45451 | Elf:3    | Reached skill level 15 in Spellcasting
 45465 | Elf:3    | Reached XP level 20. HP: 95/130 MP: 39/39
 45654 | Elf:3    | Identified the +7 plate armour "Gocw" {+Inv rC- rN++
                  | Stlth+}
 45655 | Elf:3    | Identified the ring "Jeixusuf" {rPois rC+++ Str-4 Dex+6}
 45675 | Elf:3    | Identified the +5 arbalest "Juumaanu" {flame, rC+}
 45695 | Elf:3    | Learned a level 9 spell: Fire Storm
 45766 | Elf:3    | Found the +3 hat of Pondering {ponderous, Will+ MP+10
                  | Int+5}
 45791 | Elf:3    | Identified the +9 great sword of Evolution {holy, Fragile
                  | +Blink rPois Int-2}
 45808 | Elf:3    | Got the Incunabulum of Feathery Sinister Rites
 45812 | Elf:3    | Got Sif Muna's Volume of Translocation
 46261 | Shoals:4 | Learned a level 6 spell: Starburst
 46332 | Lair:4   | Identified the +1 ring mail "Asisouwk" {Int+4}
 46354 | Spider:1 | Entered Level 1 of the Spider Nest
 48557 | Spider:3 | Noticed Azrael
 48623 | Spider:3 | Noticed Bai Suzhen
 48628 | Spider:3 | Killed Bai Suzhen
 48635 | Spider:3 | Noticed Donald
 48644 | Spider:3 | Killed Donald
 48652 | Spider:3 | Killed Azrael
 49196 | Spider:3 | Found a transporter.
 49267 | Spider:3 | Found a transporter.
 49617 | Spider:4 | Entered Level 4 of the Spider Nest
 49962 | Spider:4 | Reached XP level 21. HP: 128/135 MP: 40/40
 50910 | Spider:4 | Got a gossamer rune of Zot
 51456 | D:11     | Bought a manual of Fighting for 1120 gold pieces
 51535 | Elf:1    | Bought a potion of magic for 136 gold pieces
 51535 | Elf:1    | Bought a potion of heal wounds for 85 gold pieces
 51774 | Shoals:2 | Bought a potion of invisibility for 128 gold pieces
 51992 | Vaults:1 | Entered Level 1 of the Vaults
 52651 | Vaults:1 | Noticed Asterion
 52653 | Vaults:1 | Killed Asterion
 53627 | Vaults:2 | Found Uzinkugo's General Store.
 53639 | Vaults:2 | Bought a scroll of magic mapping for 42 gold pieces
 53703 | Vaults:2 | Reached XP level 22. HP: 141/141 MP: 41/41
 53762 | Vaults:2 | Identified the +1 leather armour of Lies {Drain Will+
                  | Dex+4}
 54534 | Vaults:2 | Found Husyrot's General Store.
 55439 | Vaults:3 | Found a staircase to the Crypt.
 55890 | Vaults:3 | Found a huge runed gate.
 55890 | Vaults:3 | Found a huge runed gate.
 55890 | Vaults:3 | Found a huge runed gate.
 55890 | Vaults:3 | Found a huge runed gate.
 55891 | Vaults:3 | Found a huge runed gate.
 55891 | Vaults:3 | Found a huge runed gate.
 55891 | Vaults:3 | Found a huge runed gate.
 55892 | Vaults:3 | Found a huge runed gate.
 55892 | Vaults:3 | Found a huge runed gate.
 55892 | Vaults:3 | Found a huge runed gate.
 55896 | Vaults:3 | Found a huge runed gate.
 55896 | Vaults:3 | Found a huge runed gate.
 55896 | Vaults:3 | Found a huge runed gate.
 55896 | Vaults:3 | Found a huge runed gate.
 55896 | Vaults:3 | Found a huge runed gate.
 55896 | Vaults:3 | Found a huge runed gate.
 55897 | Vaults:3 | Found a huge runed gate.
 55913 | Vaults:3 | Found a huge runed gate.
 55913 | Vaults:3 | Found a huge runed gate.
 55913 | Vaults:3 | Found a huge runed gate.
 55913 | Vaults:3 | Found a huge runed gate.
 55913 | Vaults:3 | Found a huge runed gate.
 55913 | Vaults:3 | Found a huge runed gate.
 55914 | Vaults:3 | Found a huge runed gate.
 55915 | Vaults:3 | Found a huge runed gate.
 55916 | Vaults:3 | Found a huge runed gate.
 55924 | Vaults:3 | Found a huge runed gate.
 55924 | Vaults:3 | Found a huge runed gate.
 55924 | Vaults:3 | Found a huge runed gate.
 55924 | Vaults:3 | Found a huge runed gate.
 55924 | Vaults:3 | Found a huge runed gate.
 55924 | Vaults:3 | Found a huge runed gate.
 55925 | Vaults:3 | Found a huge runed gate.
 55926 | Vaults:3 | Found a huge runed gate.
 55927 | Vaults:3 | Found a huge runed gate.
 55935 | Vaults:3 | Found a huge runed gate.
 56566 | Vaults:4 | Reached skill level 10 in Fighting
 56686 | Vaults:4 | Reached XP level 23. HP: 152/152 MP: 42/42
 57758 | Vaults:5 | Entered Level 5 of the Vaults
 57804 | Vaults:5 | Noticed a golden dragon
 57806 | Vaults:5 | Killed a dread lich
 57809 | Vaults:5 | Killed a golden dragon
 57834 | Vaults:5 | Reached XP level 24. HP: 166/166 MP: 42/42
 57897 | Vaults:5 | Reached skill level 15 in Fighting
 58070 | Vaults:5 | Identified the +1 robe of Springtime {rCorr Str+3 Int+4
                  | Archmagi} (You took it off an orc on level 5 of the Vaults)
 58140 | Vaults:5 | Found the +8 mithril axe "Arga" {speed, Will+}
 58585 | Vaults:5 | Killed a dread lich
 58634 | Vaults:5 | Identified the ring "Halauv" {rF+ AC+4 Str+2}
 58701 | Vaults:5 | Identified the +1 plate armour "Erphurghe" {Harm Int+6}
 59261 | Vaults:5 | Got a silver rune of Zot
 59336 | Vaults:5 | Identified the +4 chain mail "Damnable Contraption" {SInv
                  | Stlth+}
 59346 | Vaults:5 | Learned a level 6 spell: Statue Form
 59405 | Vaults:4 | Learned a level 8 spell: Disjunction
 59447 | Crypt:1  | Entered Level 1 of the Crypt
 59454 | Crypt:1  | Reached skill level 1 in Transmutations
 59477 | Crypt:1  | Reached skill level 5 in Earth Magic
 59641 | Crypt:1  | Reached skill level 5 in Transmutations
 59646 | Crypt:1  | Reached XP level 25. HP: 177/177 MP: 39/42
 60059 | Crypt:1  | Found a runed translucent gate.
 60059 | Crypt:1  | Found a runed translucent gate.
 60059 | Crypt:1  | Found a runed translucent gate.
 60120 | Crypt:1  | Found an ancient bone altar of Kikubaaqudgha.
 60929 | Crypt:2  | Reached skill level 5 in Translocations
 61387 | Crypt:3  | Entered Level 3 of the Crypt
 61722 | Crypt:3  | Found the +13 scythe of Curses {drain, Drain}
 61854 | Crypt:3  | Identified the +1 ring mail of Unreason {Rampage rElec
                  | Stlth-}
 61943 | Crypt:3  | Found a staircase to the Tomb.
 62021 | Crypt:3  | Identified the +5 short sword of Kiacakk {drain, +Blink}
 62893 | Crypt:3  | Found an ancient bone altar of Kikubaaqudgha.
 62895 | Crypt:3  | Noticed an ancient lich
 62897 | Crypt:3  | Killed an ancient lich
 62915 | Crypt:3  | Found the +10 Black Knight's barding {ponderous, rPois rN+}
 62930 | Crypt:3  | Noticed a dread lich
 62934 | Crypt:3  | Killed a dread lich
 64220 | Elf:1    | Killed Roxanne
 64592 | Slime:1  | Entered Level 1 of the Pits of Slime
 64610 | Slime:2  | Noticed Dissolution
 64611 | Slime:2  | Reached XP level 26. HP: 183/183 MP: 42/42
 64614 | Slime:2  | Killed Dissolution
 64628 | Slime:2  | Reached skill level 10 in Translocations
 65370 | Slime:5  | Entered Level 5 of the Pits of Slime
 65392 | Slime:5  | Noticed the Royal Jelly
 65396 | Slime:5  | Killed the Royal Jelly
 65738 | Slime:5  | Identified the amulet "Vaiv" {Fly rElec rC++ Regen+ Int-5}
 65757 | Slime:5  | Identified the +6 quarterstaff of Naliow {flame, rElec rF-
                  | Dex-3 SInv}
 65759 | Slime:5  | Got a slimy rune of Zot
 65760 | Slime:5  | Identified the ring of Cir Ozoh {Fly rPois rF- rN+ rCorr}
 66349 | Elf:1    | Bought a potion of lignification for 51 gold pieces
 66349 | Elf:1    | Bought a potion of lignification for 51 gold pieces
 66349 | Elf:1    | Bought 2 potions of curing for 102 gold pieces
 66349 | Elf:1    | Bought a potion of brilliance for 68 gold pieces
 66349 | Elf:1    | Bought a potion of haste for 170 gold pieces
 66349 | Elf:1    | Bought a potion of haste for 170 gold pieces
 66349 | Elf:1    | Bought a potion of haste for 170 gold pieces
 66356 | Elf:1    | Bought a scroll of teleportation for 33 gold pieces
 66356 | Elf:1    | Bought a scroll of fog for 22 gold pieces
 66356 | Elf:1    | Bought a scroll of teleportation for 33 gold pieces
 66559 | Vaults:2 | Bought a Necronomicon for 672 gold pieces
 66559 | Vaults:2 | Bought a potion of ambrosia for 96 gold pieces
 66559 | Vaults:2 | Bought a potion of curing for 36 gold pieces
 66559 | Vaults:2 | Bought 2 potions of brilliance for 96 gold pieces
 66765 | Orc:2    | Bought a scroll of fog for 32 gold pieces
 67007 | Shoals:2 | Bought a potion of ambrosia for 128 gold pieces
 67007 | Shoals:2 | Bought a potion of brilliance for 64 gold pieces
 67007 | Shoals:2 | Bought a potion of haste for 160 gold pieces
 67007 | Shoals:2 | Bought a potion of lignification for 48 gold pieces
 67007 | Shoals:2 | Bought a potion of curing for 48 gold pieces
 67007 | Shoals:2 | Bought a potion of curing for 48 gold pieces
 67007 | Shoals:2 | Bought 2 potions of lignification for 96 gold pieces
 67007 | Shoals:2 | Bought a potion of ambrosia for 128 gold pieces
 67007 | Shoals:2 | Bought a potion of lignification for 48 gold pieces
 67007 | Shoals:2 | Bought a potion of haste for 160 gold pieces
 67530 | Depths:1 | Entered Level 1 of the Depths
 67530 | Depths:1 | Found Plog's Jewellery Emporium.
 67616 | Depths:1 | Bought the ring of the Mage {Wiz Will++ Int+3} for 878 gold
                  | pieces
 67616 | Depths:1 | Found the ring of the Mage {Wiz Will++ Int+3}
 67625 | Depths:1 | Found a white marble altar of Elyvilon.
 67700 | Depths:1 | Found Xettup's Weapon Shop.
 67779 | Depths:1 | Found a gateway to a ziggurat.
 67785 | Depths:1 | Found a gateway to Hell.
 67802 | Depths:1 | Reached skill level 15 in Translocations
 67925 | Depths:1 | Found Dioss's Jewellery Emporium.
 68020 | Depths:1 | Found Utoympoi's Armour Shop.
 68103 | Depths:1 | Found a shadowy altar of Dithmenos.
 68408 | Depths:1 | Reached XP level 27. HP: 189/189 MP: 42/42
 68427 | Depths:1 | Found a one-way gate leading to the halls of Pandemonium.
 68624 | Depths:1 | Found Jutakk's Antique Weapon Emporium.
 68772 | Zig:1    | Entered Level 1 of a ziggurat
 68781 | Zig:1    | Identified the +0 falchion "Stringbean" {vorpal, rCorr
                  | Dex+6}
 68858 | Zig:2    | Entered Level 2 of a ziggurat
 68879 | Zig:2    | Got the Grimoire of the Mutagenic Blaze
 68885 | Zig:3    | Entered Level 3 of a ziggurat
 68923 | Zig:4    | Entered Level 4 of a ziggurat
 69031 | Zig:4    | Got the Compendium of the Snowflakes and Shape Shifting
 69048 | Zig:4    | Identified the amulet of Falukk {Reflect rC+ Int+2 SH+5}
 69058 | Zig:5    | Entered Level 5 of a ziggurat
 69076 | Zig:6    | Entered Level 6 of a ziggurat
 69079 | Zig:6    | Noticed an ancient lich
 69081 | Zig:6    | Killed an ancient lich
 69086 | Zig:6    | Found the +15 Maxwell's patent armour {-Cast -Tele rElec
                  | Will+ rCorr}
 69114 | Zig:7    | Entered Level 7 of a ziggurat
 69208 | Zig:7    | Learned a level 9 spell: Shatter
 69211 | Zig:8    | Entered Level 8 of a ziggurat
 69251 | Zig:8    | Identified the ring "Xowoorr" {rF+ rC+}
 69275 | Zig:9    | Entered Level 9 of a ziggurat
 69315 | Zig:9    | Got the Grimoire of Evil Conjuration
 69324 | Zig:10   | Entered Level 10 of a ziggurat
 69333 | Zig:10   | Noticed a dread lich
 69334 | Zig:10   | Killed a dread lich
 69334 | Zig:10   | Killed an ancient lich
 69335 | Zig:10   | Reached skill level 10 in Earth Magic
 69389 | Zig:10   | Identified the +5 dagger of Annihilation {vorpal, Will+
                  | Str+3 Dex+4}
 69410 | Zig:10   | Identified the +5 trident of Inflation {drain, Str+2 Int+3}
 69414 | Zig:10   | Identified the +4 chain mail "Ackuoz Tepo" {*Slow Str+8
                  | Dex+5}
 69415 | Zig:10   | Identified the +1 scale mail of the Cuttlefish {rCorr
                  | Dex+2}
 69428 | Zig:11   | Entered Level 11 of a ziggurat
 69481 | Zig:12   | Entered Level 12 of a ziggurat
 69537 | Zig:13   | Entered Level 13 of a ziggurat
 69558 | Zig:13   | Found the +3 pair of gauntlets of War {Slay+5}
 69577 | Zig:13   | Identified the +6 dagger "Jyri" {flame, rElec Str-2 Dex+2}
 69581 | Zig:13   | Identified the amulet "Maca" {rF+ Regen+ SInv}
 69600 | Zig:13   | Identified the ring of Absolutism {rCorr MP+9}
 69609 | Zig:13   | Identified the +7 great sword of Triumph {elec, Dex+2}
 69615 | Zig:14   | Entered Level 14 of a ziggurat
 69632 | Zig:14   | Reached skill level 15 in Earth Magic
 69653 | Zig:14   | Identified the ring of the Salmon {rCorr Int+6}
 69663 | Zig:14   | Identified the +0 kite shield "Kayvvi" {Dex+3}
 69691 | Zig:15   | Entered Level 15 of a ziggurat
 69710 | Zig:15   | Noticed an ancient lich
 69712 | Zig:15   | Killed an ancient lich
 69734 | Zig:15   | Identified the ring of Jearat {MP+9 Str+3}
 69739 | Zig:15   | Identified the +8 flail of Zupi {flame, +Blink rF+ rC+++
                  | Str+2 Dex-4}
 69740 | Zig:15   | Identified the +2 plate armour "Qoaskit" {Fly Int+6}
 69744 | Zig:15   | Identified the +7 eveningstar of the Grave {pain, Fly rElec
                  | Str-4}
 69771 | Zig:15   | Identified the +7 falchion of Plunder {antimagic, rC+ Will+
                  | Str+4}
 69772 | Zig:15   | Identified the +9 scale mail of Poor Excuses {+Inv rCorr
                  | Int+6}
 69780 | Zig:16   | Entered Level 16 of a ziggurat
 69788 | Zig:16   | Noticed Ibuics the pandemonium lord
 69791 | Zig:16   | Killed Qelutt the pandemonium lord
 69795 | Zig:16   | Killed Ibuics the pandemonium lord
 69796 | Zig:16   | Noticed Kuiseele the pandemonium lord
 69797 | Zig:16   | Noticed Pobeewnunwa the pandemonium lord
 69797 | Zig:16   | Noticed Juigh the pandemonium lord
 69799 | Zig:16   | Killed Kuiseele the pandemonium lord
 69800 | Zig:16   | Noticed Sunibou the pandemonium lord
 69800 | Zig:16   | Killed Pobeewnunwa the pandemonium lord
 69800 | Zig:16   | Killed Juigh the pandemonium lord
 69804 | Zig:16   | Noticed Oloet the pandemonium lord
 69806 | Zig:16   | Killed Sunibou the pandemonium lord
 69807 | Zig:16   | Killed Oloet the pandemonium lord
 69831 | Zig:16   | Got the Grimoire of Fetching Ignition
 69847 | Zig:16   | Identified the +0 short sword "Demonslayer" {pain, rF-
                  | Will+ Str+4}
 69857 | Zig:17   | Entered Level 17 of a ziggurat
 69865 | Zig:17   | Noticed an ancient lich
 69868 | Zig:17   | Killed an ancient lich
 69871 | Zig:17   | Noticed a dread lich
 69872 | Zig:17   | Killed an ancient lich
 69872 | Zig:17   | Killed a dread lich
 69876 | Zig:17   | Noticed a dread lich
 69878 | Zig:17   | Killed a dread lich
 69885 | Zig:17   | Found the amulet of the Air {Inacc Air Fly rElec RMsl}
 69917 | Zig:18   | Entered Level 18 of a ziggurat
 69941 | Zig:18   | Found the +8 orange crystal plate armour {Archmagi, Int+3
                  | Clar}
 69957 | Zig:18   | Identified the ring "Maeshra" {rC+++ rN+++ MP-9 Str+6
                  | Int-3}
 69979 | Zig:18   | Identified the +8 shortbow of Governance {freeze, rElec
                  | rPois}
 69987 | Zig:19   | Entered Level 19 of a ziggurat
 69998 | Zig:19   | Noticed a royal mummy
 70001 | Zig:19   | Noticed a royal mummy
 70002 | Zig:19   | Noticed a royal mummy
 70003 | Zig:19   | Killed a royal mummy
 70004 | Zig:19   | Noticed a royal mummy
 70005 | Zig:19   | Noticed a royal mummy
 70006 | Zig:19   | Noticed a royal mummy
 70008 | Zig:19   | Killed a royal mummy
 70008 | Zig:19   | Killed a royal mummy
 70009 | Zig:19   | Killed a royal mummy
 70009 | Zig:19   | Killed a royal mummy
 70013 | Zig:19   | Noticed a royal mummy
 70014 | Zig:19   | Killed a royal mummy
 70019 | Zig:19   | Killed a royal mummy
 70038 | Zig:19   | Found the +8 lance "Wyrmbane" {slay drac, rPois rF+ rC+
                  | AC+3}
 70039 | Zig:19   | Found the +3 pair of seven-league boots {Rampage+∞}
 70039 | Zig:19   | Found the +8 whip "Snakebite" {venom, curare, rPois}
 70072 | Zig:19   | Identified the ring of the Raven {Contam Str+5 Int+4 Dex+6}
 70096 | Zig:19   | Learned a level 8 spell: Necromutation
 70101 | Zig:20   | Entered Level 20 of a ziggurat
 70125 | Zig:20   | Reached skill level 10 in Transmutations
 70208 | Zig:20   | Found the +8 demon blade "Leech" {vamp, *Rage +Rage rN+}
 70214 | Zig:20   | Identified the ring of Intercession {Fly Int+2}
 70228 | Zig:20   | Reached skill level 10 in Necromancy
 70236 | Zig:20   | Got the Handbook of Venom and Moulding
 70241 | Zig:21   | Entered Level 21 of a ziggurat
 70306 | Zig:21   | Got Sif Muna's Handbook of the Dusty Volcanoes
 70312 | Zig:21   | Got the Disquisition on Creation
 70313 | Zig:21   | Identified the +11 spear "Nasinestov" {antimagic, *Noise
                  | rF+ Will+}
 70314 | Zig:21   | Identified the +11 triple sword of Dividends {holy, +Rage
                  | Int+4 SInv Stlth+}
 70319 | Zig:22   | Entered Level 22 of a ziggurat
 70416 | Zig:22   | Identified the +3 flail "Pikhuetu" {drain, rF+}
 70417 | Zig:22   | Identified the amulet of Eseonod {Faith rCorr}
 70424 | Zig:22   | Identified the +1 plate armour "Puen Xoico" {Dex+4}
 70434 | Zig:22   | Got the Reference Book on Slavery and Intoxication
 70437 | Zig:22   | Got the Grimoire of Proximity
 70455 | Zig:22   | Learned a level 9 spell: Polar Vortex
 70461 | Zig:23   | Entered Level 23 of a ziggurat
 70465 | Zig:23   | Reached skill level 1 in Ice Magic
 70484 | Zig:23   | Reached skill level 5 in Ice Magic
 70504 | Zig:23   | Found the necklace of Bloodlust {*Rage +Rage Will++ Int-3
                  | Slay+6}
 70505 | Zig:23   | Found the +7 pair of quick blades "Gyre" and "Gimble"
                  | {protect}
 70529 | Zig:23   | Identified the +4 morningstar of the Eel {holy, SInv}
 70540 | Zig:23   | Identified the ring "Imengo" {Slay+2 SInv}
 70566 | Zig:24   | Entered Level 24 of a ziggurat
 70607 | Zig:24   | Killed Atif the pandemonium lord
 70642 | Zig:24   | Identified the amulet of Zehusmat {RegenMP Harm rF- Stlth+}
 70690 | Zig:25   | Entered Level 25 of a ziggurat
 70781 | Zig:25   | Identified the ring "Tukhegh" {rPois rF- Int+6 SInv}
 70794 | Zig:25   | Got the Grimoire of Freezing Evil Arts
 70800 | Zig:25   | Quit the game

Illustrated notes

Levels and vault maps discovered:
D:1:      lemuel_arrival_river_ford, layout_loops_ring,
          hellmonk_ecumenical_altar_pennies_from_heaven
D:2:      layout_rooms
D:3:      layout_basic, nicolae_overflow_hidden_temple, uniq_jessica,
          uniq_terence
D:4:      layout_rooms, minmay_temple_entry_stoned_glass
D:5:      layout_cave_pods, nicolae_ossuary_entry_plus, serial_park_tiny_1,
          grunt_decor_arrowhead, abandoned_shop, minmay_shop_damaged,
          st_stairs_8
D:6:      layout_basic, pdpol_wu_jian_five_deadly_venoms,
          nicolae_overflow_crystal_walls
D:7:      layout_basic, kennysheep_minor_cross
D:8:      layout_loops_ring, minmay_lindwurm_lava
D:9:      layout_loops_corners, gammafunk_temple_overflow_elements,
          lair_entry_dummy, uniq_grum, uniq_maggie
D:10:     layout_basic, kennysheep_path_1, uniq_psyche
D:11:     minmay_the_grid_triangle_9x9_rhombus_full_mashed
          [minmay_the_grid_triangle_9x9_corrupted_corridor,
          minmay_the_grid_triangle_9x9_warning,
          minmay_the_grid_triangle_9x9_sparse_checkered,
          minmay_the_grid_triangle_9x9_descending_squares,
          minmay_the_grid_triangle_9x9_flanged_cone,
          minmay_the_grid_triangle_9x9_minimal,
          minmay_the_grid_triangle_9x9_alien,
          minmay_the_grid_triangle_9x9_prize_insulated], layout_gridville,
          orc_0_dummy, nicolae_shop_self_help
D:12:     layout_basic, ebering_ghost_xom, minmay_ruined_shrine, uniq_kirke
D:13:     layout_rooms, erik_vaults_2
D:14:     layout_rooms, minivault_24, special_room [special_room_mythical_zoo],
          serial_shops, shop, kennysheep_generic_room_2
D:15:     grunt_enter_depths_hoard, layout_basic,
          portal_ice_cave_entry_ice_statue_two, evilmike_ruin_ashenzari
Lair:1:   layout_cave_shapes, grunt_megastairs_2, infiniplex_staircase_pool
Lair:2:   layout_gridlike, gammafunk_ghost_arena, wad_woods_river_01
Lair:3:   layout_chaotic_city, grunt_forest_small_clearing_treed
Lair:4:   layout_regular_city, minmay_shoals_entry_centaurs,
          spider_nest_entry_webs, roderic_carrion_pond
Lair:5:   layout_loops_ring, slime_dummy, enter_volcano_4, minivault_27,
          grunt_megastairs_4
Lair:6:   grunt_lair_end_beastmaster, layout_gridlike
Shoals:1: cheibrodos_shoals_roost, layout_shoals,
          nicolae_shoals_kraken_intersection
Shoals:2: layout_shoals, serial_shops, shop, nicolae_stop_n_shop_2,
          nicolae_stop_n_shop_1, uniq_ilsuiw
Shoals:3: layout_shoals
Shoals:4: shoals_end_hellmonk_storm_palace [storm_palace_center_square,
          storm_palace_corner_blocked, storm_palace_corner_altar,
          storm_palace_corner_reverse_hut, storm_palace_corner_grid],
          uniq_nikola
Spider:1: layout_chambers, nicolae_spider_acid_house
Spider:2: layout_spider_delve, nicolae_spider_webbed_stairs
Spider:3: gammafunk_boulding_lane, uniq_bai_suzhen, uniq_azrael, uniq_donald
Spider:4: grunt_spider_rune_circles
Slime:1:  cheibrodos_slime_lost_civilization_10, layout_caves
Slime:2:  layout_caves, cheibrodos_slime_lost_civilization_4, uniq_dissolution
Slime:3:  layout_caves
Slime:4:  layout_caves
Slime:5
Orc:1:    layout_diamond_mine, basic_altar, serial_shops, shop,
          lightli_orcish_oven, uniq_josephine
Orc:2:    st_orc_ogre_mass, layout_caves, library_closet, uniq_nessos
Elf:1:    nicolae_elf_arrival_fired_up, layout_loops_corners,
          minmay_elf_annihilation, nicolae_wwwww, minmay_shoptagon, uniq_roxanne
Elf:2:    nicolae_elf_blades_crystal_corner, layout_onion_city, serial_shops,
          nicolae_shop_waterfront, uniq_aizul
Elf:3:    minmay_elf_hall_hex, layout_geoelf_grid, basic_altar, serial_shops,
          nicolae_shop_crystal, nicolae_shop_crystal
Vaults:1: dpeg_vaults_monster_row, special_room_vaults [special_room_orc],
          hangedman_vaults_stitches, hangedman_vaults_corner_blocks,
          nicolae_vaults_alarming, nicolae_vaults_little_squares_6, v_misc_27,
          v_alt_pattern_4, hangedman_vaults_trim, v_misc_26,
          ontoclasm_vaults_shuriken, nicolae_vaults_rhombus_6,
          layout_vaults_omnicross, uniq_asterion
Vaults:2: v_misc_17, vaults_room_mumra_shop_pool, nicolae_vaults_big_ls,
          grunt_vaults_swirl, nicolae_vaults_what_the_h,
          nicolae_vaults_mini_display_case, nicolae_vaults_an_arrangement,
          hangedman_vaults_stream, v_misc_14, nicolae_vaults_ring_of_whatevers,
          vaults_mumra_hex, ontoclasm_vaults_gateway, layout_vaults_big_room,
          serial_shops, nicolae_shop_waterfront
Vaults:3: nicolae_vaults_angled_halls, blue_anna_dwarven_crypt,
          hangedman_vaults_unwind, ontoclasm_vaults_ligature,
          hangedman_vaults_variations, hangedman_vaults_nails, v_misc_32,
          nicolae_vaults_ring_of_whatevers, v_misc_12, vaults_room_glass_cross,
          nicolae_vaults_shelves_hall, hangedman_vaults_locks,
          ontoclasm_vaults_loading_screen, vaults_dpeg_diagonal,
          vaults_not_door_vault_mu, v_alt_pattern_1, nicolae_vaults_asterisk,
          layout_vaults_maze
Vaults:4: nicolae_vaults_little_squares_5, nicolae_vaults_three_branches,
          ontoclasm_vaults_loading_screen, v_misc_26, v_misc_8,
          nicolae_vaults_shelves_hall, grunt_vaults_twisty,
          ontoclasm_vaults_pinch, v_misc_22, nicolae_vaults_rhombus_5,
          v_misc_15, v_alt_pattern_6, nicolae_vaults_windows_and_doors_thing,
          layout_vaults_omnibox
Vaults:5: serial_shops
Crypt:1:  cheibrodos_crypt_eye_of_stone, layout_rooms, pandoras_box_mu
Crypt:2:  layout_gridlike, nicolae_crypt_ancient_font, grunt_ministairs_13
Crypt:3:  quadcrypt_mu
Depths:1: layout_basic, enter_ziggurat_f, hell_entry, serial_shops,
          kennysheep_little_box, nicolae_shop_waterfront,
          nicolae_inconvenience_store, shop, nicolae_shop_waterfront,
          lemuel_crystal_altar, rand_demon_pan_entry_4, grunt_dithmenos_smoke
Zig:25

Skill      XL: |  1  2  3  4  5  6  7  8  9 10 11 12 13 14 15 16 17 18 19 20 21 22 23 24 25 26 27 |
---------------+----------------------------------------------------------------------------------+-----
Spellcasting   | 3 7 10 11 12 15 18 | 18.0
Conjurations   | 2 3 4 6 7 9 10 12 14 15 17 19 21 22 23 | 23.3
Fire Magic     | 4 5 7 9 10 12 14 15 17 19 21 22 23 | 23.2
Dodging        | 8 11 12 14 | 14.2
Fighting       | 6 9 11 14 15 20 | 20.9
Earth Magic    | 4 5 8 21 | 21.6
Shields        | 4 5 |  5.0
Translocations | 4 7 15 17 | 17.1
Necromancy     | 6 14 | 14.4
Transmutations | 5 9 13 | 13.9
Ice Magic      | 9 |  9.8
Stealth        | |  2.6

Action                   |  1- 3 |  4- 6 |  7- 9 | 10-12 | 13-15 | 16-18 | 19-21 | 22-24 | 25-27 || total
-------------------------+-------+-------+-------+-------+-------+-------+-------+-------+-------++-------
Melee: Long sword        |     3 |       |       |       |       |       |       |       |       ||     3
       Dagger            |     6 |       |       |       |       |       |       |       |       ||     6
       Constrict         |     2 |     1 |    25 |    21 |    14 |     4 |     5 |     2 |     6 ||    80
       Staff             |       |     2 |    93 |    45 |    30 |    24 |     8 |     9 |    22 ||   233
       Tentacles         |       |       |    21 |    11 |    20 |    13 |     3 |     3 |     6 ||    77
       Quarterstaff      |       |       |       |       |    43 |       |       |       |       ||    43
Throw: Stone             |       |       |       |     5 |     8 |     2 |       |       |       ||    15
 Cast: Foxfire           |    60 |   109 |   108 |     6 |     1 |       |       |       |       ||   284
       Conjure Flame     |       |       |    15 |     1 |     1 |       |       |       |       ||    17
       Sticky Flame      |       |       |    22 |    65 |    72 |    28 |     2 |       |       ||   189
       Fireball          |       |       |     6 |   119 |   300 |   524 |   391 |    26 |    52 ||  1418
       Iskenderun's Batt |       |       |       |       |     4 |     9 |     6 |     2 |       ||    21
       Irradiate         |       |       |       |       |     3 |     6 |     9 |       |       ||    18
       Iron Shot         |       |       |       |       |     3 |     2 |       |       |       ||     5
       Blink             |       |       |       |       |       |     5 |     4 |     3 |     9 ||    21
       Bolt of Magma     |       |       |       |       |       |     6 |    33 |     4 |       ||    43
       Sublimation of Bl |       |       |       |       |       |    32 |    35 |    27 |    53 ||   147
       Fire Storm        |       |       |       |       |       |       |    22 |   186 |   344 ||   552
       Disjunction       |       |       |       |       |       |       |       |       |     7 ||     7
       Starburst         |       |       |       |       |       |       |       |       |     1 ||     1
       Shatter           |       |       |       |       |       |       |       |       |    69 ||    69
Evoke: Wand              |       |       |     1 |    12 |    19 |       |     2 |       |     1 ||    35
       Condenser vane    |       |       |       |       |       |       |     1 |       |       ||     1
  Use: Potion            |       |     2 |     3 |       |    11 |     2 |     2 |     1 |    19 ||    40
       Scroll            |       |     1 |     6 |     8 |    21 |     9 |     7 |     2 |     6 ||    60
 Stab: Sleeping          |       |       |     4 |       |       |       |       |       |       ||     4
Armor: Skin              |     3 |     1 |    32 |    13 |    46 |     5 |     3 |     4 |    29 ||   136
Dodge: Dodged            |    10 |     8 |   107 |   112 |   181 |    97 |    50 |    15 |    83 ||   663
Block: Buckler           |       |       |       |       |     1 |    19 |    14 |     2 |    22 ||    58
